 Dungeon Crawl Stone Soup version 0.30-a0-860-g512cf1e979 (webtiles) character file.

Game seed: 6650925244430927717

4433 lunkers the Placeless Meteoran (level 10, -8/86 HPs)
             Began as a Meteoran Warper on Mar 7, 2023.
             Was an Elder of Sif Muna.
             Mangled by a centaur warrior zombie (9 damage)
             ... on level 9 of the Dungeon.
             The game lasted 00:14:46 (4114 turns).

lunkers the Placeless Meteoran (Meteoran Warper)    Turns: 4114, Time: 00:14:47

Health: -8/86      AC: 12    Str: 14    XL:     10   Next: 94%
Magic:  3/15       EV: 16    Int: 15    God:    Sif Muna [****..]
Gold:   279        SH:  5    Dex: 17    Spells: 5/14 levels left

rFire   + . .      SeeInvis +    b - +4 scimitar (flame)
rCold   . . .      Faith    .    (no shield)
rNeg    . . .      Spirit   .    E - +3 leather armour {rF+}
rPois   .          Reflect  +    n - +0 helmet
rElec   .          Rampage  .    (no cloak)
rCorr   .                        e - +0 pair of gloves
Will    +....                    (no boots)
Stlth   +                        o - amulet "Ahyoll" {Reflect Slay+2 SH+5 SInv}
HPRegen 0.34/turn                g - +4 ring of protection
MPRegen 0.14/turn                (no ring)

@: glowing
A: sense surroundings 2, otherworldly, glowing, explore regen
a: Renounce Religion, Channel Magic, Forget Spell, Divine Exegesis


You were on level 9 of the Dungeon.
You worshipped Sif Muna.
Sif Muna was greatly pleased with you.
You visited 1 branch of the dungeon, and saw 9 of its levels.

You collected 279 gold pieces.

Inventory:

Hand Weapons
 a - a +4 dagger of venom
 b - a +4 scimitar of flaming (weapon)
 y - a +0 falchion of freezing
 F - a +1 dagger of electrocution
Missiles
 d - 7 boomerangs of dispersal
 m - 2 boomerangs
 w - a throwing net
Armour
 e - a +0 pair of gloves (worn)
 n - a +0 helmet (worn)
 E - a +3 leather armour of fire resistance (worn)
Jewellery
 g - a +4 ring of protection (left hand)
 o - the amulet "Ahyoll" (around neck) {Reflect Slay+2 SH+5 SInv}
   (You found it on level 3 of the Dungeon)

   [amulet of reflection]

   It reflects blocked missile attacks.
   Slay:      It affects your accuracy & damage with ranged weapons and melee
   (+2).
   SInv:      It lets you see invisible.
   SH:        It affects your SH (+5).
 p - an amulet of guardian spirit
 C - an amulet of magic regeneration
Wands
 t - a wand of flame (29)
Scrolls
 c - a scroll of blinking
 f - a scroll of amnesia
 j - a scroll of brand weapon
Potions
 h - 4 potions of curing {unknown}
 i - a potion of haste {unknown}
 k - a potion of brilliance
 q - a potion of lignification {unknown}
 s - a potion of mutation {unknown}
 v - a potion of resistance {unknown}
 x - 2 potions of cancellation {unknown}
 z - 2 potions of might {unknown}
 A - 2 potions of heal wounds
 B - a potion of ambrosia {unknown}
 D - a potion of attraction {unknown}


   Skills:
 + Level 7.3 Fighting
 - Level 7.5(8.2) Short Blades
 * Level 5.3(7.5) Long Blades
 - Level 1.2 Throwing
 - Level 1.2 Armour
 + Level 8.2 Dodging
 - Level 2.6 Spellcasting
 - Level 10.0 Translocations
 - Level 3.0 Air Magic
 + Level 2.1 Invocations


You had 5 spell levels left.
You knew the following spells:

 Your Spells              Type           Power      Damage    Failure   Level
b - Vhi's Electric Charg  Tloc/Air       42%        N/A       5%          3
c - Manifold Assault      Tloc           32%        N/A       4%          4
d - Blink                 Tloc           64%        N/A       1%          2

Your spell library contained the following spells:

 Spells                   Type           Power      Damage    Failure   Level
 Lesser Beckoning         Tloc           64%        N/A       1%          2
 Teleport Other           Tloc           32%        N/A       1%          3
 Necrotise                Necr           8%         1d4       26%         1
 Vampiric Draining        Necr           2%         2d6       58%         3
 Agony                    Necr           2%         N/A       100%        5


Dungeon Overview and Level Annotations

Branches:
Dungeon (9/15) Zot: 1421   Temple (0/1) D:7
   Lair: D:8-11         Orc: D:9-12

Altars:
Ashenzari
Elyvilon
Fedhas
Kikubaaqudgha
Ru
Sif Muna
Uskayaw
Vehumet

Shops:
D:2 **?   D:7 :!?((

Annotations:
D:3 1 runed translucent door, Crazy Yiuf, Ijyb
D:6 4 runed translucent doors


Innate Abilities, Weirdness & Mutations

You passively map the area around you.
You are easily found by Zot.
You glow in the dark.
You regain HP and MP as you explore.


Message History

Unknown command.
You hit the hellwing. You burn the hellwing.
The hellwing is almost dead.
The hellwing barely misses you. The hellwing hits you.
* * * LOW HITPOINT WARNING * * *
The redback zombie misses you. The centaur warrior zombie hits you.
* * * LOW HITPOINT WARNING * * *
The centaur warrior zombie misses you.
The centaur warrior zombie hits you but does no damage.
The centaur warrior zombie kicks you but does no damage.
The wolf spider zombie misses you.
The wolf spider zombie bites you but does no damage.
You barely miss the hellwing.
The hellwing is almost dead.
The redback zombie bites you.
* * * LOW HITPOINT WARNING * * *
The hellwing hits you!
* * * LOW HITPOINT WARNING * * *
The hellwing hits you but does no damage.
You block the centaur warrior zombie's attack. x2
The centaur warrior zombie barely misses you.
The centaur warrior zombie kicks you.
* * * LOW HITPOINT WARNING * * *
The wolf spider zombie hits you but does no damage.
The wolf spider zombie barely misses you.
The redback zombie completely misses you.
The centaur warrior zombie hits you.
* * * LOW HITPOINT WARNING * * *
The centaur warrior zombie completely misses you.
The centaur warrior zombie barely misses you. x2
The wolf spider zombie hits you!
* * * LOW HITPOINT WARNING * * *
The wolf spider zombie bites you.
* * * LOW HITPOINT WARNING * * *
The hellwing hits you but does no damage.
The hellwing hits you!
* * * LOW HITPOINT WARNING * * *
The redback zombie bites you but does no damage.
The centaur warrior zombie hits you!
You die...

, * ** ,,.. #....#...
,, , #..*
##........... * ...#
#............, , ,
....# #............,
.....##............ *
......#............ ,
,.......ZZ..........
,,......Z@4..........
........Z.......... ,
.................P8
*#.#####.###.....#..
,,. 8###......## ,, *
,* ,_ ##.....# ,
##...... ,
*,#.##..... ..#
....., ,


You could see a hellwing, a wolf spider zombie, a redback zombie and 2 centaur
warrior zombies.

Vanquished Creatures
  Erica (D:8)
  A deep troll (D:8)
  A komodo dragon (D:6)
  Sigmund (D:4)
  2 yaks (D:8)
  Menkaure (D:4)
  A steam dragon (D:7)
  Duvessa (D:7)
  A water moccasin (D:7)
  An ice beast (D:5)
  3 ogres
  2 centaurs
  2 kobold brigands
  2 bullfrogs (D:8)
  A water moccasin zombie (D:5)
  A wyvern skeleton (D:5)
  4 scorpions
  Dowan (D:7)
  A water moccasin skeleton (D:5)
  3 killer bees (D:8)
  2 howler monkeys (D:7)
  2 jellies (D:5)
  6 hounds
  4 orc priests
  5 orc wizards
  2 iguanas (D:4)
  Natasha (D:4)
  A hound skeleton (D:5)
  4 adders
  4 gnolls (D:6)
  A howler monkey skeleton (D:5)
  A shadow imp (D:6)
  4 ufetubi
  A dart slug (D:3)
  20 orcs
  3 endoplasms
  A giant cockroach (D:2)
  7 goblins
  3 hobgoblins
  4 jackals (D:3)
  16 kobolds
  2 quokkas
  5 ball pythons
  4 bats
  5 frilled lizards
  6 rats
145 creatures vanquished.

Vanquished Creatures (others)
  An orc (D:8)
  2 fungi (D:3)
  3 withered plants
6 creatures vanquished.

Grand Total: 151 creatures vanquished

Notes
Turn   | Place    | Note
-------+----------+-------------------------------------------
     0 | D:1      | lunkers the Meteoran Warper began the quest for the Orb.
     0 | D:1      | Reached XP level 1. HP: 17/17 MP: 5/5
    37 | D:1      | Reached XP level 2. HP: 3/24 MP: 6/6
   211 | D:2      | Found a faded altar of an unknown god.
   244 | D:2      | Prayed at the altar of an unknown god.
   244 | D:2      | Became a worshipper of Sif Muna the Loreminder
   244 | D:2      | Reached * piety under Sif Muna
   259 | D:2      | Reached XP level 3. HP: 29/29 MP: 8/8
   283 | D:2      | Found Hadottuiq's General Store.
   286 | D:2      | Found Ysethriwk's General Store.
   626 | D:2      | Found Xiatif's Magic Scroll Shop.
   831 | D:3      | Reached skill level 1 in Short Blades
   843 | D:3      | Reached XP level 4. HP: 3/36 MP: 9/9
   878 | D:3      | Found a runed translucent door.
   879 | D:3      | Noticed Crazy Yiuf
   881 | D:3      | Noticed Ijyb
   926 | D:3      | Found a radiant altar of Vehumet.
   978 | D:3      | Found a sacrificial altar of Ru.
  1053 | D:3      | Reached ** piety under Sif Muna
  1061 | D:3      | Identified the amulet "Ahyoll" {Reflect Slay+2 SH+5 SInv}
  1356 | D:4      | Found a white marble altar of Elyvilon.
  1358 | D:4      | Noticed Menkaure
  1390 | D:4      | Killed Menkaure
  1391 | D:4      | Reached XP level 5. HP: 35/41 MP: 10/10
  1391 | D:4      | Reached XP level 6. HP: 42/48 MP: 11/11
  1402 | D:4      | Learned a level 3 spell: Vhi's Electric Charge
  1451 | D:4      | Reached skill level 5 in Short Blades
  1476 | D:4      | Noticed Sigmund
  1488 | D:4      | Killed Sigmund
  1489 | D:4      | Reached XP level 7. HP: 39/55 MP: 12/12
  1651 | D:4      | Noticed Natasha
  1657 | D:4      | Killed Natasha
  1716 | D:5      | Entered Level 5 of the Dungeon
  1836 | D:5      | Reached skill level 4 in Translocations
  1836 | D:5      | Reached XP level 8. HP: 61/61 MP: 13/13
  1981 | D:5      | Reached skill level 5 in Translocations
  1998 | D:5      | Reached skill level 6 in Translocations
  2024 | D:5      | Reached skill level 7 in Translocations
  2032 | D:5      | Reached *** piety under Sif Muna
  2159 | D:5      | Learned a level 4 spell: Manifold Assault
  2221 | D:6      | Noticed a komodo dragon
  2234 | D:6      | Killed a komodo dragon
  2235 | D:6      | Gained mutation: You passively map the area around you.
                  | [Meteoran growth]
  2235 | D:6      | Reached XP level 9. HP: 24/70 MP: 4/14
  2370 | D:6      | Reached skill level 8 in Translocations
  2418 | D:6      | Learned a level 2 spell: Blink
  2546 | D:6      | Found a large runed translucent door.
  2546 | D:6      | Found a large runed translucent door.
  2552 | D:6      | Found a large runed translucent door.
  2552 | D:6      | Found a large runed translucent door.
  2584 | D:6      | Identified the +2 quarterstaff "Yheful" {holy, rN+}
  2678 | D:6      | Reached skill level 5 in Dodging
  2736 | D:7      | Found Bomiotaj's Magic Scroll Boutique.
  2750 | D:7      | Found Fuweg's Weapon Emporium.
  2756 | D:7      | Found a staircase to the Ecumenical Temple.
  2844 | D:7      | Found Maunk's Book Emporium.
  2860 | D:7      | Reached skill level 5 in Fighting
  2949 | D:7      | Noticed Duvessa
  2950 | D:7      | Noticed Dowan
  2962 | D:7      | Killed Duvessa
  2963 | D:7      | Reached XP level 10. HP: 50/81 MP: 4/15
  2973 | D:7      | Killed Dowan
  3072 | D:7      | Reached skill level 9 in Translocations
  3120 | D:7      | Reached **** piety under Sif Muna
  3129 | D:7      | Found Duysch's Weapon Shop.
  3132 | D:7      | Found a broken altar of Ashenzari.
  3190 | D:7      | Found Extunyh's Distillery.
  3267 | D:7      | Found a blossoming altar of Fedhas.
  3267 | D:7      | Found an ancient bone altar of Kikubaaqudgha.
  3308 | D:8      | Noticed Erica
  3826 | D:8      | Found a hide-covered altar of Uskayaw.
  3951 | D:8      | Killed Erica
  3952 | D:8      | Reached skill level 10 in Translocations
  3974 | D:9      | Noticed a two-headed ogre
  4001 | D:8      | a two-headed ogre changed into a deep troll
  4001 | D:8      | Noticed a deep troll
  4012 | D:8      | Killed a deep troll
  4013 | D:8      | Reached skill level 5 in Long Blades
  4013 | D:8      | Reached skill level 1 in Invocations
  4114 | D:9      | HP: 1/86 [hellwing (7)]
  4114 | D:9      | Mangled by a centaur warrior zombie

Illustrated notes

Levels and vault maps discovered:
D:1:      lightli_arrival_lavapool, layout_rooms
D:2:      layout_basic, serial_shops, nicolae_shop_waterfront, shop,
          nicolae_lakefront_shop, shop, ebering_ecumenical_altar_mist
D:3:      layout_loops_ring, hangedman_ru_absence, fiery_altar_vehumet,
          uniq_crazy_yiuf_cottage, uniq_jessica, uniq_ijyb
D:4:      layout_loops_ring, elyvilon_altar_5, uniq_menkaure, uniq_sigmund,
          uniq_natasha
D:5:      layout_loops_ring, serial_undead, serial_undead_e, serial_undead_f,
          serial_undead_f, serial_undead_d, serial_undead_b, nicolae_titane
D:6:      layout_gridville, serial_shops, kennysheep_mini_moat,
          grunt_decor_mini_mirrors, minmay_hollow_rounded_squares
D:7:      layout_loops_ring, grunt_temple_overflow_growth_and_decay,
          ashenzari_conservatory_becter, minmay_temple_entry_drinking_statues,
          serial_shops, nicolae_shop_statue_plus, shop, nicolae_shop_crystal,
          nicolae_shop_crystal, nicolae_shop_temple_entry_statues_fountains,
          uniq_duvessa
D:8:      layout_loops_ring, mainiacjoe_overflow_chevrons,
          makhleb_altar_promises_db, lair_entry_dummy, uniq_erica, uniq_grum
D:9:      cheibrodos_grave_circle, layout_cave_pools,
          mainiacjoe_overflow_small_starburst, gammafunk_temple_overflow_wave,
          billiards_dpeg

Skill      XL: |  1  2  3  4  5  6  7  8  9 10 |
---------------+-------------------------------+-----
Long Blades    | 3 4 5 |  5.3
Short Blades   | 1 4 6 7 |  7.5
Translocations | 4 7 8 10 | 10.0
Fighting       | 3 5 7 |  7.3
Dodging        | 3 6 8 |  8.2
Air Magic      | 2 3 |  3.0
Invocations    | 2 |  2.1
Throwing       | |  1.2
Armour         | |  1.2
Spellcasting   | |  2.6

Action                     |  1- 3 |  4- 6 |  7- 9 | 10-12 || total
---------------------------+-------+-------+-------+-------++-------
  Melee: Falchion          |    66 |       |       |       ||    66
         Dagger            |    33 |    64 |   279 |   115 ||   491
         Punch             |       |       |     1 |     1 ||     2
         Scimitar          |       |       |       |    45 ||    45
         Unarmed           |       |       |       |     2 ||     2
   Cast: Vhi's Electric Ch |       |       |    21 |     4 ||    25
         Manifold Assault  |       |       |     9 |    34 ||    43
 Invoke: Channel Magic     |       |       |       |     2 ||     2
  Evoke: Wand              |       |       |       |     2 ||     2
    Use: Scroll            |       |     6 |     1 |     7 ||    14
         Potion            |       |     2 |       |       ||     2
 Armour: Leather armour    |    21 |    22 |    77 |    41 ||   161
  Dodge: Dodged            |    54 |    17 |   102 |    76 ||   249
  Block: Other             |       |    12 |    46 |    24 ||    82
         Reflection        |       |     1 |     4 |       ||     5

Table legend: (Time is in decaauts)
 A = Elapsed time spent in this place.
 B = Non-inter-level travel time spent in this place.
 C = Inter-level travel time spent in this place.
 D = Time resting spent in this place.
 E = Time spent auto-exploring this place.
 F = Levels seen in this place.
 G = Mean time per level.
                   A        B        C        D        E       F      G
               +--------+--------+--------+--------+--------+-----+--------+
         Total |   3977 |   3646 |    331 |      0 |   2540 |   9 |  441.9 |
       Dungeon |   3977 |   3646 |    331 |      0 |   2540 |   9 |  441.9 |
               +--------+--------+--------+--------+--------+-----+--------+

Top non-repeatable levels by time:
     D:3: 678 daAuts
     D:8: 644 daAuts
     D:7: 636 daAuts
     D:6: 483 daAuts
     D:5: 466 daAuts
     D:2: 438 daAuts
     D:4: 381 daAuts
     D:1: 215 daAuts
     D:9: 33 daAuts
